 Dungeon Crawl Stone Soup version 0.20-a0-81-g6e69d53 (webtiles) character file.

16427 FrankyJ the Arsonist (level 12, -2/88 HPs)
             Began as a Naga Fire Elementalist on Nov 20, 2016.
             Was an Elder of Vehumet.
             Slain by a red ugly thing (5 damage)
             ... on level 12 of the Dungeon on Nov 21, 2016.
             The game lasted 01:14:00 (17957 turns).

FrankyJ the Arsonist (Naga Fire Elementalist)      Turns: 17957, Time: 01:14:00

Health: -2/88      AC: 16    Str: 12    XL:     12   Next: 37%
Magic:  19/25      EV: 16    Int: 19    God:    Vehumet [****..]
Gold:   195        SH:  0    Dex: 14    Spells: 7 memorised, 7 levels left

rFire  . . .     SeeInvis +     F - +4 hand axe (chop)
rCold  . . .     Gourm    .     K - +3 leather armour
rNeg   . . .     Faith    .     (no shield)
rPois  +         Spirit   .     B - +0 helmet
rElec  .         Reflect  .     n - +0 cloak {MR+}
rCorr  .         Harm     .     (no gloves)
MR     +++..     Rnd*Tele +     (no barding)
Stlth  ++........               (no amulet)
                                r - +6 ring of protection
                                V - ring of teleportation (curse)

@: drained, very slow
A: fangs 1, repulsion field 1, see invisible, blink, deformed body, magic
resistance 1, poison resistance, slowness 2, slow metabolism 1, spit poison 1,
strong 1, teleportitis 1, AC +4
a: Spit Poison, Blink, Renounce Religion


You were on level 12 of the Dungeon.
You worshipped Vehumet.
Vehumet was greatly pleased with you.
You were hungry.

You visited 2 branches of the dungeon, and saw 13 of its levels.

You collected 581 gold pieces.
You spent 386 gold pieces at shops.

Inventory:

Hand Weapons
 i - a +1 dagger
 u - a +0 hand axe of electrocution
 y - a +1 morningstar of venom
 F - a +4 hand axe of chopping (weapon)
 J - a +0 long sword
 L - a +0 rapier
Missiles
 j - 11 needles of confusion
 D - 8 tomahawks (quivered)
 W - 13 tomahawks of returning
Armour
 n - a +0 cloak of magic resistance (worn)
 B - a +0 helmet (worn)
 E - a +1 robe of magic resistance
 G - a +2 robe of cold resistance
 K - a +3 leather armour (worn)
 Q - a +0 leather armour of fire resistance
 S - a +2 robe of positive energy
 T - a +0 leather armour of cold resistance
 U - a +0 hat
Magical Staves
 R - an uncursed staff of earth
Rods
 a - a +0 rod of inaccuracy (11/11)
   (You found it on level 9 of the Dungeon)
Jewellery
 e - an uncursed amulet of guardian spirit
 m - an uncursed ring of positive energy
 r - a +6 ring of protection (right hand)
 s - an uncursed ring of fire
 H - an uncursed ring of ice
 V - a cursed ring of teleportation (left hand)
Wands
 f - a wand of digging (12/24)
 k - a wand of iceblast (5/15)
 q - a wand of flame (15/48)
 w - a wand of disintegration (7/24)
 x - a wand of polymorph (14/24)
 z - a wand of slowing (23/48)
 Z - a wand of acid (12/15)
Scrolls
 d - 5 scrolls of blinking
 t - 5 scrolls of remove curse
 C - 3 scrolls of magic mapping
 P - 3 scrolls of teleportation
 X - 2 scrolls of amnesia
Potions
 h - a potion of invisibility
 l - 3 potions of curing
 o - a potion of ambrosia
 p - a potion of brilliance
 v - a potion of agility
 M - 3 potions of might
 N - 2 potions of magic
Books
 b - a book of Flames

   Spells                             Type                      Level
   a - Flame Tongue                   Conjuration/Fire             1
   b - Throw Flame                    Conjuration/Fire             2
   c - Conjure Flame                  Conjuration/Fire             3
   d - Inner Flame                    Hexes/Fire                   3
   e - Sticky Flame                   Conjuration/Fire             4
   f - Fireball                       Conjuration/Fire             5
 Y - a book of Beasts

   Spells                             Type                      Level
   a - Summon Butterflies             Summoning                    1
   b - Call Canine Familiar           Summoning                    3
   c - Summon Ice Beast               Ice/Summoning                4
   d - Summon Mana Viper              Hexes/Summoning              5
   e - Summon Hydra                   Summoning                    7
Comestibles
 c - 10 bread rations
 g - 11 meat rations
 A - 6 beef jerkies
 I - 10 royal jellies
 O - 4 chunks of flesh


   Skills:
 + Level 8.2(8.1) Dodging
 - Level 3.0(2.9) Stealth
 + Level 9.2(9.1) Spellcasting
 + Level 9.7(9.5) Conjurations
 - Level 10.4(10.3) Fire Magic
 - Level 6.2(6.1) Poison Magic


You had 7 spell levels left.
You knew the following spells:

 Your Spells              Type           Power        Failure   Level  Hunger
a - Flame Tongue          Conj/Fire      #####        1%          1    None
b - Fireball              Conj/Fire      #####.....   1%          5    #####..
c - Sticky Flame          Conj/Fire      #####...     1%          4    ###....
d - Ignite Poison         Fire/Tmut/Pois ####....     1%          3    None
e - Magic Dart            Conj           ####         1%          1    None
f - Airstrike             Air            #.........   47%         4    ###....
g - Fulminant Prism       Conj/Hex       ####......   4%          4    ###....


Dungeon Overview and Level Annotations

Branches:
Dungeon (12/15)            Temple (1/1) D:4            Lair (0/6) D:10
    Orc (0/2) D:10

Altars:
Ashenzari
Dithmenos
Elyvilon
Fedhas
Gozag
Kikubaaqudgha
Makhleb
Nemelex Xobeh
Qazlal
Ru
Sif Muna
Trog
Uskayaw
Vehumet
Xom
Yredelemnul
Zin

Shops:
D:6 (   D:9 ?   D:11 *


Innate Abilities, Weirdness & Mutations

You cannot wear boots.
Your serpentine skin is tough. (AC +4)
You have supernaturally acute eyesight. (SInv)
Armour fits poorly on your strangely shaped body.
Your system is resistant to poisons. (rPois)
You cover ground very slowly.
You have a slow metabolism.
You can spit poison.
You have very sharp teeth.
You are surrounded by a mild repulsion field. (EV +2)
You can translocate small distances at will.
You are resistant to hostile enchantments. (MR+)
Your muscles are strong. (Str +2)
You are occasionally teleported next to monsters.


Message History

The red ugly thing gurgles horribly!
Found a scroll of random uselessness and a scroll of immolation.
A hungry ghost comes into view.
The red ugly thing tail-slaps you!
You are engulfed in flames!!
* * * LOW HITPOINT WARNING * * *
The red ugly thing tail-slaps you but does no damage.
Okay, then.
You blink.
You are feeling hungry.
Found a meat ration.
Found a stone staircase leading down.
You feel better.
Okay, then.
The hungry ghost barely misses you. The red ugly thing tail-slaps you.
* * * LOW HITPOINT WARNING * * *
You are engulfed in flames!
* * * LOW HITPOINT WARNING * * *
The hungry ghost barely misses you. The red ugly thing tail-slaps you.
You die...

#...........##
#.........#..##
#.........##....
##............#...
#......?...#...... ######
#.................
.....#####................#
...............Wu..........
.......###......@.......
#.......###........%....
#.......####............
#.........##............
##.....##.............##
#.......#####........... .
#.......#####........###..
#.........##=.............
##.....##..#.......%...#


You could see a red ugly thing and a hungry ghost.

Vanquished Creatures
  A hydra (D:10)
  2 hill giants
  A deep elf mage (D:9)
  The ghost of Speleothing the Cleaver, a novice HOMo (D:6)
  3 ugly things (D:11)
  Psyche (D:8)
  The ghost of Speleothing the Cleaver, a novice HOMo (D:5)
  2 kobold demonologists (D:6)
  3 hornets
  2 hippogriffs
  A wraith (D:11)
  15 yaks
  2 water elementals (D:11)
  A basilisk (D:12)
  3 soldier ants
  4 wargs (D:10)
  A water moccasin (D:8)
  Duvessa (D:5)
  2 phantoms
  6 orc warriors
  5 sky beasts
  3 black bears
  4 ice beasts
  4 ogres
  4 centaurs
  4 big kobolds
  16 bullfrogs
  Blork the orc (D:3)
  A gnoll sergeant (D:8)
  3 scorpions
  Dowan (D:4)
  4 killer bees (D:9)
  3 wights (D:11)
  6 howler monkeys
  4 electric eels (D:11)
  4 crimson imps
  A quasit (D:3)
  2 bullfrog zombies
  6 hounds
  2 jellies
  A centaur skeleton (D:4)
  10 orc priests
  8 orc wizards
  5 bullfrog skeletons
  5 iguanas
  Natasha (thrice) (D:2)
  15 worker ants
  2 hound zombies
  A hound skeleton (D:4)
  3 worker ant zombies
  16 gnolls
  13 adders
  3 shadow imps
  3 oozes
  An adder skeleton (D:8)
  6 worms
  A dart slug (D:2)
  4 leopard geckos
  30 orcs
  4 giant cockroaches
  6 hobgoblins
  8 jackals
  10 kobolds
  6 quokkas
  A ball python (D:2)
  4 bats
  5 frilled lizards
  9 goblins
  A jackal zombie (D:6)
  3 leopard gecko skeletons
  9 rats
  2 toadstools (D:1)
329 creatures vanquished.

Vanquished Creatures (others)
  2 toadstools (D:1)
2 creatures vanquished.

Grand Total: 331 creatures vanquished

Notes
Turn   | Place    | Note
-------+----------+-------------------------------------------
     0 | D:1      | FrankyJ the Naga Fire Elementalist began the quest for the Orb.
     0 | D:1      | Reached XP level 1. HP: 15/15 MP: 3/3
   818 | D:1      | Reached XP level 2. HP: 22/22 MP: 3/5
  1604 | D:2      | Reached XP level 3. HP: 28/28 MP: 2/6
  2160 | D:2      | Reached XP level 4. HP: 36/36 MP: 6/8
  2236 | D:2      | Noticed Natasha
  2245 | D:2      | Killed Natasha
  2480 | D:2      | Noticed Natasha
  2485 | D:2      | Killed Natasha
  2485 | D:2      | Reached XP level 5. HP: 42/42 MP: 5/10
  2690 | D:2      | Noticed Natasha
  2701 | D:2      | Killed Natasha
  2938 | D:3      | Found a shattered altar of Ashenzari.
  3803 | D:4      | Noticed Blork the orc
  3811 | D:3      | Killed Blork the orc
  3811 | D:3      | Reached XP level 6. HP: 49/49 MP: 7/12
  3871 | D:3      | Learned a level 5 spell: Fireball
  3876 | D:3      | Learned a level 4 spell: Sticky Flame
  3879 | D:3      | Learned a level 2 spell: Throw Flame
  4030 | D:4      | Found a staircase to the Ecumenical Temple.
  4039 | Temple   | Entered the Ecumenical Temple
  4063 | Temple   | Became a worshipper of Vehumet
  4354 | D:4      | Noticed Dowan
  4355 | D:4      | Noticed Duvessa
  4358 | D:5      | Entered Level 5 of the Dungeon
  4376 | D:4      | Killed Dowan
  4376 | D:4      | Reached XP level 7. HP: 55/55 MP: 11/14
  4432 | D:5      | Killed Duvessa
  4432 | D:5      | Reached skill level 5 in Spellcasting
  4454 | D:5      | Reached skill level 4 in Fire Magic
  4459 | D:5      | Noticed Speleothing's ghost (novice HOMo)
  4479 | D:4      | Reached skill level 5 in Conjurations
  4967 | D:3      | Reached XP level 8. HP: 57/62 MP: 4/16
  5673 | D:5      | Killed Speleothing's ghost
  5673 | D:5      | Reached skill level 5 in Fire Magic
  6283 | D:4      | Reached * piety under Vehumet
  6283 | D:4      | Offered knowledge of Magic Dart by Vehumet.
  6314 | D:4      | Learned a level 1 spell: Magic Dart
  6475 | D:5      | Gained mutation: You are surrounded by a mild repulsion field. (EV +2) [mutagenic meat]
  6476 | D:5      | Gained mutation: You have very sharp teeth. [mutagenic meat]
  6477 | D:5      | Gained mutation: Your spells are a little harder to cast, but a little more powerful. [mutagenic meat]
  6478 | D:5      | Gained mutation: Your muscles are strong. (Str +2) [mutagenic meat]
  6478 | D:5      | Gained mutation: You are dopey. (Int -2) [potion of mutation]
  6478 | D:5      | Gained mutation: Your flesh is cold resistant. (rC+) [potion of mutation]
  6478 | D:5      | Gained mutation: You are occasionally teleported next to monsters. [potion of mutation]
  6480 | D:5      | Gained mutation: You are very dopey. (Int -4) [potion of mutation]
  6480 | D:5      | Lost mutation: Your spells are a little harder to cast, but a little more powerful. [potion of mutation]
  6480 | D:5      | Gained mutation: Your muscles are very strong. (Str +4) [potion of mutation]
  6715 | D:5      | Reached skill level 6 in Fire Magic
  6758 | D:6      | Noticed Speleothing's ghost (novice HOMo)
  7238 | D:6      | Killed Speleothing's ghost
  7238 | D:6      | Reached XP level 9. HP: 28/68 MP: 2/19
  7730 | D:6      | Reached skill level 7 in Fire Magic
  8074 | D:6      | Found Nezadgh's Weapon Shoppe.
  8636 | D:7      | Noticed a kobold demonologist
  8638 | D:7      | Noticed a kobold demonologist
  8839 | D:6      | Killed a kobold demonologist
  8842 | D:6      | Killed a kobold demonologist
  8842 | D:6      | Reached skill level 8 in Fire Magic
  9022 | D:6      | Reached XP level 10. HP: 50/75 MP: 13/20
  9163 | D:7      | Offered knowledge of Freeze by Vehumet.
  9167 | D:6      | Reached ** piety under Vehumet
  9350 | D:7      | Reached skill level 5 in Dodging
  9775 | D:7      | Reached skill level 9 in Fire Magic
 10324 | D:8      | Noticed Psyche
 10338 | D:8      | Killed Psyche
 10652 | D:8      | Found a stormy altar of Qazlal.
 10771 | D:8      | Offered knowledge of Ignite Poison by Vehumet.
 10776 | D:8      | Learned a level 3 spell: Ignite Poison
 11063 | D:8      | Reached *** piety under Vehumet
 11229 | D:8      | Offered knowledge of Airstrike by Vehumet.
 11246 | D:8      | Learned a level 4 spell: Airstrike
 11789 | D:9      | Found Rotan's Magic Scroll Emporium.
 11797 | D:9      | Bought a scroll of blinking for 90 gold pieces
 12084 | D:9      | Reached skill level 10 in Fire Magic
 12084 | D:9      | Reached XP level 11. HP: 71/81 MP: 18/22
 12653 | D:8      | Reached **** piety under Vehumet
 13378 | D:9      | Offered knowledge of Fulminant Prism by Vehumet.
 13378 | D:9      | Reached skill level 1 in Poison Magic
 13389 | D:9      | Learned a level 4 spell: Fulminant Prism
 13731 | D:9      | Found a blossoming altar of Fedhas.
 13731 | D:9      | Noticed a deep elf mage
 13737 | D:9      | Killed a deep elf mage
 13991 | D:9      | Identified a +0 rod of inaccuracy (11/11) (You found it on level 9 of the Dungeon)
 14302 | D:10     | Entered Level 10 of the Dungeon
 14521 | D:10     | Found a staircase to the Lair.
 14545 | D:10     | Found a staircase to the Orcish Mines.
 14783 | D:10     | Noticed a hill giant
 15194 | D:10     | Found a blossoming altar of Fedhas.
 15246 | D:10     | Killed a hill giant
 15666 | D:11     | Noticed a white ugly thing
 15671 | D:11     | Noticed a green ugly thing
 15677 | D:11     | Killed a green ugly thing
 15832 | D:11     | Found Jydghienn's Assorted Antiques.
 15863 | D:11     | Bought a coppery potion for 23 gold pieces
 15863 | D:11     | Bought an embroidered cloak for 273 gold pieces
 15874 | D:11     | Killed a white ugly thing
 15874 | D:11     | Reached XP level 12. HP: 37/88 MP: 19/24
 16207 | D:11     | Lost mutation: You are very dopey. (Int -4) [potion of cure mutation]
 16207 | D:11     | Lost mutation: You are dopey. (Int -2) [potion of cure mutation]
 16207 | D:11     | Lost mutation: Your flesh is cold resistant. (rC+) [potion of cure mutation]
 16207 | D:11     | Lost mutation: Your muscles are very strong. (Str +4) [potion of cure mutation]
 16208 | D:11     | Gained mutation: You are resistant to hostile enchantments. (MR+) [potion of beneficial mutation]
 16222 | D:11     | Reached skill level 5 in Poison Magic
 16484 | D:11     | Noticed a four-headed hydra
 16518 | D:10     | Killed a five-headed hydra
 17563 | D:11     | Gained mutation: You can translocate small distances at will. [mutagenic meat]
 17954 | D:12     | HP: 2/88 [red ugly thing (12)]
 17957 | D:12     | Slain by a red ugly thing

Vault maps used:
D:1:      ldierk_water_garden, minmay_misc_feat_tower
D:2:      uniq_natasha
D:3:      ashenzari_altar_1
D:4:      minmay_misc_feat_cross, uniq_blork_the_orc, uniq_duvessa
D:5:      first_bread
D:6:      serial_shops, shop, portal_sewer_entry_d
D:8:      lightli_bailey_entry_fortress, minmay_ruined_shrine, uniq_psyche
D:9:      serial_shops, shop, hangedman_pestilent_swarm,
          david_defended_altar_elf
D:10:     lair_entry_dummy, minmay_orc_entry_guard_dogs, fedhas_altar_fruit_tree
D:11:     serial_shops, nicolae_shop_overgrown_old_shop
D:12:     nicolae_dithmenos_through_a_glass_darkly
Temple:   nicolae_temple_the_god_donut

Skill      XL: |  1  2  3  4  5  6  7  8  9 10 11 12 |
---------------+-------------------------------------+-----
Dodging        | 2 4 6 7 8 |  8.2
Conjurations   | 2 3 4 5 7 9 |  9.7
Spellcasting   | 3 4 5 7 8 9 |  9.2
Fire Magic     | 4 6 8 10 | 10.4
Poison Magic   | 4 6 |  6.2
Stealth        | |  3.0

Action                   |  1- 3 |  4- 6 |  7- 9 | 10-12 || total
-------------------------+-------+-------+-------+-------++-------
Melee: Dagger            |    25 |     3 |       |       ||    28
       Unarmed           |     8 |       |       |       ||     8
       Hand axe          |       |    22 |    27 |   147 ||   196
       Flail             |       |       |     4 |       ||     4
       Bite              |       |       |     5 |    16 ||    21
 Cast: Flame Tongue      |    44 |    64 |   186 |   163 ||   457
       Throw Flame       |       |     1 |     4 |       ||     5
       Sticky Flame      |       |       |    19 |   152 ||   171
       Magic Dart        |       |       |     1 |     5 ||     6
       Ignite Poison     |       |       |       |     1 ||     1
 Abil: Spit Poison       |    26 |    33 |    45 |    73 ||   177
       Blink             |       |       |       |     1 ||     1
Evoke: Rod               |       |       |       |    36 ||    36
  Use: Scroll            |     6 |     4 |     7 |    10 ||    27
       Potion            |       |       |     3 |    10 ||    13
 Stab: Sleeping          |       |     2 |       |     3 ||     5
  Eat: Chunk             |     4 |     7 |    20 |    45 ||    76
       Beef jerky        |       |       |     1 |     1 ||     2
       Fruit             |       |       |       |     5 ||     5
       Pizza             |       |       |       |     2 ||     2
Armor: Robe              |     6 |    44 |   143 |    29 ||   222
       Leather armour    |       |       |       |   171 ||   171
Dodge: Dodged            |    33 |    44 |   155 |   431 ||   663
